[Event "Lichtenrader Herbst 2019"]
[Site "Berlin"]
[Date "2019.10.12"]
[Round "1.1"]
[White "Fock, Amina"]
[Black "Kovalev, Andrei"]
[Result "0-1"]
[ECO "B23"]
[WhiteElo "1749"]
[BlackElo "2511"]
[Annotator "ChessBase"]
[PlyCount "50"]
[EventDate "2019.10.12"]
[EventType "swiss"]
[EventCountry "GER"]
[SourceTitle "playchess.com"]
[Source "ChessBase"]
[SourceQuality "1"]
[TimeControl "40/5400+30:1800+30"]

1. e4 c5 2. Nc3 g6 3. f4 Bg7 4. Nf3 Nc6 5. Bb5 Nd4 6. O-O a6 7. Bd3 d6 8. Nd5 e6 9. Ne3 Ne7 10. c3 Nxf3+ 11. Qxf3 f5 12. exf5 gxf5 13. Qh5+ Kd7 14. g4 Kc7 15. gxf5 exf5 16. Nxf5 Nxf5 17. Bxf5 Bxf5 18. Qxf5 Rg8 19. Qf7+ Kc6 20. Kh1 Qh4 21. Qc4 Rae8 22. Qa4+ Kc7 23. Qd1 Qh3 24. Rf2 Bf6 25. Qf1 Qh5 0-1

[Event "Lichtenrader Herbst 2019"]
[Site "Berlin"]
[Date "2019.10.12"]
[Round "1.2"]
[White "Starostits, Ilmars"]
[Black "Hohn, August"]
[Result "1-0"]
[ECO "B15"]
[WhiteElo "2479"]
[BlackElo "1832"]
[Annotator "ChessBase"]
[PlyCount "81"]
[EventDate "2019.10.12"]
[EventType "swiss"]
[EventCountry "GER"]
[SourceTitle "playchess.com"]
[Source "ChessBase"]
[SourceQuality "1"]
[TimeControl "40/5400+30:1800+30"]

1. e4 c6 2. d4 d5 3. Nc3 e6 4. Nf3 Nf6 5. Bd3 dxe4 6. Nxe4 Nxe4 7. Bxe4 Nd7 8. Qe2 Nf6 9. Bd3 Be7 10. Bd2 b6 11. g4 Qc7 12. c4 Bb7 13. Rg1 O-O-O 14. O-O-O c5 15. Ne5 Bd6 16. g5 cxd4 17. gxf6 Bxe5 18. fxg7 Rhg8 19. f4 Bf6 20. f5 Rde8 21. fxe6 fxe6 22. Qh5 Bxg7 23. Rdf1 Ref8 24. Rxf8+ Rxf8 25. Qxh7 Be5 26. Qh6 Re8 27. Qg6 Bc6 28. h4 Bf4 29. h5 Bxd2+ 30. Kxd2 Qf4+ 31. Kc2 Rh8 32. Qxe6+ Bd7 33. Rg8+ Rxg8 34. Qxg8+ Kc7 35. Qh7 Qf2+ 36. Kb3 a5 37. a3 Qf3 38. h6 Kc8 39. Qh8+ Kb7 40. Qxd4 Bf5 41. Kc3 1-0

[Event "Lichtenrader Herbst 2019"]
[Site "Berlin"]
[Date "2019.10.12"]
[Round "1.3"]
[White "Grozea, Filip"]
[Black "Shishkin, Vadim"]
[Result "0-1"]
[ECO "B20"]
[WhiteElo "1724"]
[BlackElo "2428"]
[Annotator "NA"]
[PlyCount "50"]
[EventDate "2019.10.12"]
[EventType "swiss"]
[EventCountry "GER"]
[SourceTitle "playchess.com"]
[Source "ChessBase"]
[SourceQuality "1"]
[TimeControl "40/5400+30:1800+30"]

1. e4 c5 2. b3 g6 3. Bb2 Nf6 4. e5 Nd5 5. Bc4 e6 6. Bxd5 exd5 7. d4 Nc6 8. dxc5 Qa5+ 9. Bc3 Qxc5 10. e6 d4 11. exf7+ Kxf7 12. Qf3+ Kg7 13. Bd2 Be7 14. h4 Rf8 15. Qe2 Bf6 16. h5 g5 17. f4 d3 18. Qxd3 Bxa1 19. Nh3 d6 20. Nxg5 Bf5 21. Qg3 Kh8 22. Nc3 Rae8+ 23. Kf1 Bxc2 24. h6 Qd4 25. Nge4 Bxe4 0-1

[Event "Lichtenrader Herbst 2019"]
[Site "Berlin"]
[Date "2019.10.12"]
[Round "1.4"]
[White "Jacobi, Robin"]
[Black "Kraft, Adrian"]
[Result "1-0"]
[ECO "A26"]
[WhiteElo "2267"]
[BlackElo "1672"]
[Annotator "NA"]
[PlyCount "63"]
[EventDate "2019.10.12"]
[EventType "swiss"]
[EventCountry "GER"]
[SourceTitle "playchess.com"]
[Source "ChessBase"]
[SourceQuality "1"]
[TimeControl "40/5400+30:1800+30"]

1. Nf3 g6 2. g3 Bg7 3. Bg2 d6 4. c4 Nf6 5. Nc3 O-O 6. O-O Nc6 7. d3 e5 8. Rb1 Nd7 9. b4 f5 10. Bg5 Nf6 11. Nd5 h6 12. Nxf6+ Bxf6 13. Bxh6 Rf7 14. b5 Nb8 15. Qd2 Rh7 16. Bg5 Nd7 17. Rfc1 Nc5 18. Bxf6 Qxf6 19. Qg5 Qxg5 20. Nxg5 Rh5 21. h4 Rb8 22. Rc3 b6 23. e3 f4 24. Bf3 Rh8 25. exf4 Bf5 26. fxe5 Bxd3 27. Rd1 dxe5 28. Rcxd3 Nxd3 29. Rxd3 Kf8 30. Rd7 Rc8 31. Rf7+ Kg8 32. Bd5 1-0

[Event "Lichtenrader Herbst 2019"]
[Site "Berlin"]
[Date "2019.10.12"]
[Round "1.5"]
[White "Seitz, Manuel"]
[Black "Noetzel, Felix"]
[Result "0-1"]
[ECO "C55"]
[WhiteElo "1809"]
[BlackElo "2233"]
[Annotator "NA"]
[PlyCount "72"]
[EventDate "2019.10.12"]
[EventType "swiss"]
[EventCountry "GER"]
[SourceTitle "playchess.com"]
[Source "ChessBase"]
[SourceQuality "1"]
[TimeControl "40/5400+30:1800+30"]

1. e4 e5 2. Nf3 Nc6 3. Bc4 Nf6 4. Nc3 Nxe4 5. Nxe4 d5 6. Bxd5 Qxd5 7. d3 Bg4 8. Be3 O-O-O 9. h3 f5 10. hxg4 fxe4 11. dxe4 Qxe4 12. Nd2 Qxg2 13. Qf3 Qxf3 14. Nxf3 Be7 15. Ng5 Bxg5 16. Bxg5 Rd6 17. Be3 h6 18. c3 e4 19. Ke2 Rg6 20. Rag1 Ne5 21. g5 h5 22. Rg2 Ra6 23. Bd4 Re8 24. Rxh5 Rxa2 25. Rh7 Rxb2+ 26. Ke3 Nc4+ 27. Kf4 e3 28. Rh1 e2 29. Re1 g6 30. Rh2 a5 31. Rhh1 a4 32. Ra1 a3 33. Rhe1 a2 34. Be3 Nxe3 35. fxe3 Rf8+ 36. Kg3 Rf1 0-1

[Event "Lichtenrader Herbst 2019"]
[Site "Berlin"]
[Date "2019.10.12"]
[Round "1.6"]
[White "Polatel, Ali"]
[Black "Stein, Siegfried"]
[Result "1-0"]
[ECO "A42"]
[WhiteElo "2235"]
[BlackElo "1798"]
[Annotator "NA"]
[PlyCount "81"]
[EventDate "2019.10.12"]
[EventType "swiss"]
[EventCountry "GER"]
[SourceTitle "playchess.com"]
[Source "ChessBase"]
[SourceQuality "1"]
[TimeControl "40/5400+30:1800+30"]

1. Nf3 g6 2. c4 Bg7 3. e4 d6 4. Nc3 e5 5. d4 Nc6 6. d5 Nd4 7. Nxd4 exd4 8. Nb5 c5 9. dxc6 bxc6 10. Nxd4 Qb6 11. Nb3 Nf6 12. Bd3 O-O 13. O-O Ng4 14. Be2 Nf6 15. Qc2 c5 16. Bd2 Bb7 17. Bd3 a5 18. Bc3 Rfe8 19. Rfe1 a4 20. Nd2 Bc6 21. Nf1 a3 22. b3 Qb7 23. f3 Qa7 24. Kh1 Re7 25. Rad1 Rae8 26. Qc1 Qc7 27. Kg1 Qa7 28. Kh1 Qc7 29. Ne3 Qa7 30. Bf1 Qc7 31. Kg1 Re6 32. Qxa3 Ra8 33. Qb2 Qa7 34. Nd5 Ne8 35. Bxg7 Nxg7 36. Nf4 Qxa2 37. Qxa2 Rxa2 38. Nxe6 Nxe6 39. Rxd6 Nd4 40. Rd1 Be8 41. b4 1-0

[Event "Lichtenrader Herbst 2019"]
[Site "Berlin"]
[Date "2019.10.12"]
[Round "1.7"]
[White "Becker, Werner"]
[Black "Schnabel, Ralf"]
[Result "0-1"]
[ECO "A80"]
[WhiteElo "1760"]
[BlackElo "2235"]
[Annotator "NA"]
[PlyCount "42"]
[EventDate "2019.10.12"]
[EventType "swiss"]
[EventCountry "GER"]
[SourceTitle "playchess.com"]
[Source "ChessBase"]
[SourceQuality "1"]
[TimeControl "40/5400+30:1800+30"]

1. d4 f5 2. Bg5 g6 3. Nd2 Bg7 4. e3 Nf6 5. c3 Nc6 6. h4 e5 7. d5 Nb8 8. Qb3 d6 9. Ngf3 h6 10. Bxf6 Bxf6 11. O-O-O Nd7 12. e4 O-O 13. h5 Nc5 14. Qc2 g5 15. exf5 g4 16. Nh2 Bg5 17. Bd3 Nxd3+ 18. Qxd3 Bxf5 19. Qc4 Qd7 20. Rhf1 b5 21. Qb3 Bh7 0-1

[Event "Lichtenrader Herbst 2019"]
[Site "Berlin"]
[Date "2019.10.12"]
[Round "1.8"]
[White "Postler, Reinhard"]
[Black "Ibrahim, Kinan"]
[Result "1-0"]
[ECO "B38"]
[WhiteElo "2240"]
[BlackElo "1622"]
[Annotator "NA"]
[PlyCount "47"]
[EventDate "2019.10.12"]
[EventType "swiss"]
[EventCountry "GER"]
[SourceTitle "playchess.com"]
[Source "ChessBase"]
[SourceQuality "1"]
[TimeControl "40/5400+30:1800+30"]

1. e4 c5 2. Nf3 Nc6 3. d4 cxd4 4. Nxd4 g6 5. c4 Bg7 6. Be3 d6 7. Nc3 Nf6 8. Be2 Bd7 9. O-O Qc7 10. Rc1 Nxd4 11. Bxd4 Bc6 12. Nd5 Bxd5 13. cxd5 Qd7 14. Qb3 a6 15. Bb6 Nxe4 16. Rc7 Nc5 17. Qc4 Qa4 18. b4 h5 19. bxc5 Qxc4 20. Bxc4 Bd4 21. Rxb7 Rc8 22. c6 Bxb6 23. Rxb6 O-O 24. Bxa6 1-0

[Event "Lichtenrader Herbst 2019"]
[Site "Berlin"]
[Date "2019.10.13"]
[Round "2.1"]
[White "Kovalev, Andrei"]
[Black "Fenske, Nils"]
[Result "1-0"]
[ECO "B07"]
[WhiteElo "2511"]
[BlackElo "1821"]
[Annotator "ChessBase"]
[PlyCount "59"]
[EventDate "2019.10.12"]
[EventType "swiss"]
[EventCountry "GER"]
[SourceTitle "playchess.com"]
[Source "ChessBase"]
[SourceQuality "1"]
[TimeControl "40/5400+30:1800+30"]

1. e4 d6 2. d4 Nf6 3. Nc3 g6 4. Be3 c6 5. Nf3 Nbd7 6. h3 Qc7 7. Qd2 b5 8. Bd3 Bg7 9. O-O O-O 10. Ne2 Bb7 11. Ng3 e5 12. dxe5 dxe5 13. a4 a6 14. c4 bxc4 15. Bxc4 c5 16. Qc2 Qc6 17. Rfd1 Rfe8 18. a5 Re7 19. Rac1 Rc8 20. b4 Qc7 21. Qd3 Ra8 22. bxc5 Bf8 23. c6 Bxc6 24. Bd5 Nxd5 25. exd5 Bb5 26. Rxc7 Bxd3 27. Rxd3 e4 28. Nxe4 Ne5 29. Rxe7 Nxd3 30. Rb7 1-0

[Event "Lichtenrader Herbst 2019"]
[Site "Berlin"]
[Date "2019.10.13"]
[Round "2.2"]
[White "Matthes, Aaron"]
[Black "Starostits, Ilmars"]
[Result "0-1"]
[ECO "A25"]
[WhiteElo "1995"]
[BlackElo "2479"]
[Annotator "ChessBase"]
[PlyCount "64"]
[EventDate "2019.10.12"]
[EventType "swiss"]
[EventCountry "GER"]
[SourceTitle "playchess.com"]
[Source "ChessBase"]
[SourceQuality "1"]
[TimeControl "40/5400+30:1800+30"]

1. c4 e5 2. g3 Nc6 3. Bg2 Bc5 4. Nc3 a6 5. e3 d6 6. Nge2 Ba7 7. d4 Nge7 8. b4 exd4 9. exd4 Nxb4 10. Qa4+ Nbc6 11. d5 b5 12. cxb5 axb5 13. Qxb5 Ba6 14. Qb3 Ne5 15. Qa4+ Kf8 16. Be4 f5 17. Nf4 Bc8 18. Bc2 Bxf2+ 19. Kxf2 Rxa4 20. Bxa4 N7g6 21. Nce2 Nxf4 22. Bxf4 g5 23. Bxe5 dxe5 24. Bb3 Kg7 25. Rhc1 f4 26. gxf4 gxf4 27. Rc2 Bf5 28. Rg1+ Bg6 29. Rc6 Rf8 30. Rgc1 Qh4+ 31. Kf1 Qxh2 32. Rxc7+ Kh6 0-1

[Event "Lichtenrader Herbst 2019"]
[Site "Berlin"]
[Date "2019.10.13"]
[Round "2.3"]
[White "Shishkin, Vadim"]
[Black "Spors, Carl Philip"]
[Result "1-0"]
[ECO "E71"]
[WhiteElo "2428"]
[BlackElo "1971"]
[Annotator "NA"]
[PlyCount "83"]
[EventDate "2019.10.12"]
[EventType "swiss"]
[EventCountry "GER"]
[SourceTitle "playchess.com"]
[Source "ChessBase"]
[SourceQuality "1"]
[TimeControl "40/5400+30:1800+30"]

1. d4 Nf6 2. c4 g6 3. Nc3 Bg7 4. e4 O-O 5. Be3 d6 6. h3 e5 7. d5 Nh5 8. g3 Na6 9. Be2 Nf6 10. g4 Nc5 11. Bf3 c6 12. g5 Ne8 13. b4 Na6 14. a3 cxd5 15. cxd5 f5 16. gxf6 Bxf6 17. Qd2 Bd7 18. Rc1 Nec7 19. Be2 Rf7 20. Nf3 Bh4 21. Rh2 Bf6 22. h4 Qe7 23. Ng5 Rg7 24. b5 Nb8 25. a4 h6 26. Na2 Ne8 27. Ne6 Bxe6 28. dxe6 h5 29. Rc8 Kh7 30. Bc4 Rg8 31. Bg5 Bxg5 32. hxg5 Nc7 33. Rxg8 Kxg8 34. Nc3 Kg7 35. Rh3 Nxe6 36. Qd5 Nxg5 37. Qg8+ Kh6 38. Rg3 Qf6 39. Nd5 Nf3+ 40. Kd1 Qg7 41. Qxg7+ Kxg7 42. Rxf3 1-0

[Event "Lichtenrader Herbst 2019"]
[Site "Berlin"]
[Date "2019.10.13"]
[Round "2.4"]
[White "Tham, Nam"]
[Black "Jacobi, Robin"]
[Result "0-1"]
[ECO "B80"]
[WhiteElo "1927"]
[BlackElo "2267"]
[Annotator "NA"]
[PlyCount "70"]
[EventDate "2019.10.12"]
[EventType "swiss"]
[EventCountry "GER"]
[SourceTitle "playchess.com"]
[Source "ChessBase"]
[SourceQuality "1"]
[TimeControl "40/5400+30:1800+30"]

1. e4 c5 2. Nf3 d6 3. d4 cxd4 4. Nxd4 Nf6 5. Nc3 e6 6. Bd3 Nc6 7. Nxc6 bxc6 8. O-O Be7 9. b3 O-O 10. Qf3 e5 11. h3 Be6 12. Re1 Qc7 13. Ba3 Rfe8 14. Rad1 d5 15. Bb2 d4 16. Nb1 Nd7 17. c3 c5 18. Nd2 Qa5 19. Bb1 Bg5 20. Nf1 Qb6 21. Ng3 g6 22. Ne2 a5 23. Qg3 Bf6 24. Nc1 Bg7 25. Kh1 c4 26. cxd4 exd4 27. f4 c3 28. Ba3 a4 29. f5 Bxb3 30. axb3 axb3 31. Nxb3 Be5 32. Qd3 Qxb3 33. Bc1 Nc5 34. Qc2 Qxc2 35. Bxc2 Ra2 0-1

[Event "Lichtenrader Herbst 2019"]
[Site "Berlin"]
[Date "2019.10.13"]
[Round "2.5"]
[White "Noetzel, Felix"]
[Black "Riering, Berthold"]
[Result "1-0"]
[ECO "A29"]
[WhiteElo "2233"]
[BlackElo "1983"]
[Annotator "NA"]
[PlyCount "43"]
[EventDate "2019.10.12"]
[EventType "swiss"]
[EventCountry "GER"]
[SourceTitle "playchess.com"]
[Source "ChessBase"]
[SourceQuality "1"]
[TimeControl "40/5400+30:1800+30"]

1. c4 e5 2. Nc3 Nf6 3. g3 d5 4. cxd5 Nxd5 5. Bg2 Nb6 6. Nf3 Nc6 7. O-O Be7 8. a3 Be6 9. b4 a5 10. b5 Nd4 11. Rb1 a4 12. Nxe5 Bb3 13. Rxb3 axb3 14. Bxb7 Na4 15. Nc6 Nxc3 16. dxc3 Nxc6 17. Bxc6+ Kf8 18. Bxa8 Qxa8 19. Qxb3 h5 20. Rd1 h4 21. Qd5 Qa7 22. Be3 1-0

[Event "Lichtenrader Herbst 2019"]
[Site "Berlin"]
[Date "2019.10.13"]
[Round "2.6"]
[White "Nitsche, Nikolai"]
[Black "Polatel, Ali"]
[Result "0-1"]
[ECO "B12"]
[WhiteElo "1789"]
[BlackElo "2235"]
[Annotator "NA"]
[PlyCount "92"]
[EventDate "2019.10.12"]
[EventType "swiss"]
[EventCountry "GER"]
[SourceTitle "playchess.com"]
[Source "ChessBase"]
[SourceQuality "1"]
[TimeControl "40/5400+30:1800+30"]

1. e4 c6 2. d4 d5 3. e5 c5 4. c4 e6 5. cxd5 Qxd5 6. Be3 cxd4 7. Qxd4 Qxd4 8. Bxd4 Nc6 9. Bc3 Nge7 10. Nf3 Nd5 11. Bd2 Be7 12. Nc3 Nxc3 13. Bxc3 O-O 14. O-O-O Rd8 15. Rxd8+ Bxd8 16. Bd3 Bd7 17. Rd1 Be8 18. g3 Rc8 19. Kb1 Bc7 20. Be4 b5 21. a3 Bb6 22. Rd2 h6 23. Ne1 Na5 24. f4 g6 25. Nc2 Nb3 26. Rd1 h5 27. Ne1 Nc5 28. Bc2 Bc6 29. b4 Nd7 30. Bd4 Bc7 31. Nd3 Nb6 32. Nf2 Nc4 33. Ka2 a5 34. Ne4 Ra8 35. Nf6+ Kg7 36. Kb3 axb4 37. Kxb4 Nxa3 38. Bd3 Nc4 39. Kc5 Bf3 40. Rc1 Bb6+ 41. Kxb5 Bxd4 42. Bxc4 Rb8+ 43. Ka6 Bc6 44. Ka5 Bb6+ 45. Ka6 Be3 46. Re1 Ra8# 0-1

[Event "Lichtenrader Herbst 2019"]
[Site "Berlin"]
[Date "2019.10.13"]
[Round "2.7"]
[White "Schnabel, Ralf"]
[Black "Harutyunyan, Axel"]
[Result "1-0"]
[ECO "B11"]
[WhiteElo "2235"]
[BlackElo "1909"]
[Annotator "NA"]
[PlyCount "151"]
[EventDate "2019.10.12"]
[EventType "swiss"]
[EventCountry "GER"]
[SourceTitle "playchess.com"]
[Source "ChessBase"]
[SourceQuality "1"]
[TimeControl "40/5400+30:1800+30"]

1. e4 c6 2. Nc3 d5 3. Qe2 d4 4. Nd1 e5 5. d3 Bd6 6. g3 Nf6 7. f4 Qc7 8. Nf3 Bg4 9. f5 c5 10. Nf2 Bxf3 11. Qxf3 Nc6 12. g4 O-O-O 13. h4 Kb8 14. Bg2 Rc8 15. O-O Qe7 16. g5 Nd7 17. Ng4 Qd8 18. Rf2 h5 19. Nh2 Qa5 20. Bd2 Qb6 21. b3 Nb4 22. Qd1 Rcf8 23. Nf1 g6 24. Bh3 Qc7 25. Ng3 Be7 26. a3 Nc6 27. Qe2 Nb6 28. Qe1 Nc8 29. Nf1 Nd6 30. Qb1 Nb5 31. Qb2 Qd8 32. Rg2 Rhg8 33. Nh2 Nc7 34. Nf3 Bd6 35. Rf1 Nb5 36. Rgf2 Qe7 37. Be1 Qd8 38. Nd2 Be7 39. Nf3 Bd6 40. Kh2 Qc7 41. Nd2 Qd8 42. Rg2 Ka8 43. Nb1 Be7 44. Bd2 Kb8 45. Qc1 Bd6 46. Rf3 Ne7 47. Rgf2 Nc7 48. Qf1 Nc6 49. Bc1 Qe7 50. Nd2 Qd8 51. Nc4 Be7 52. Bd2 b6 53. Kg1 Kb7 54. Kg2 Kb8 55. fxg6 fxg6 56. Rxf8 Rxf8 57. Rxf8 Qxf8 58. Qxf8+ Bxf8 59. Bd7 b5 60. Bxc6 bxc4 61. dxc4 Be7 62. Bd7 Bd6 63. Ba5 Kb7 64. Bxc7 Kxc7 65. Be8 Kd8 66. Bxg6 Ke7 67. Bxh5 Kf8 68. Kh3 Kg7 69. Kg4 Bc7 70. Kf5 Bb8 71. Ke6 Bc7 72. Kd5 Ba5 73. Be8 Be1 74. h5 Bd2 75. g6 Be3 76. Kxe5 1-0

[Event "Lichtenrader Herbst 2019"]
[Site "Berlin"]
[Date "2019.10.13"]
[Round "2.8"]
[White "Rosmait, Emily"]
[Black "Postler, Reinhard"]
[Result "1-0"]
[ECO "B40"]
[WhiteElo "1908"]
[BlackElo "2240"]
[Annotator "NA"]
[PlyCount "89"]
[EventDate "2019.10.12"]
[EventType "swiss"]
[EventCountry "GER"]
[SourceTitle "playchess.com"]
[Source "ChessBase"]
[SourceQuality "1"]
[TimeControl "40/5400+30:1800+30"]

1. e4 c5 2. Nf3 e6 3. c4 d6 4. Nc3 Nf6 5. d4 cxd4 6. Nxd4 Be7 7. Be2 O-O 8. O-O Nc6 9. b3 Qc7 10. Bb2 a6 11. Nc2 b6 12. Ne3 Ne5 13. Qd2 Bb7 14. f3 Rad8 15. Rad1 Bc6 16. Qe1 Qb7 17. a4 Ng6 18. Bd3 Rfe8 19. Bc2 Bf8 20. Qg3 Nh5 21. Qg4 Nhf4 22. h4 h5 23. Qg3 Be7 24. Qh2 d5 25. exd5 exd5 26. Bxg6 Bc5 27. cxd5 Bxd5 28. Ncxd5 Nxg6 29. Kh1 Bxe3 30. Nxe3 Rxd1 31. Nxd1 Re2 32. Ba1 Qe7 33. Nc3 Rc2 34. Ne4 Nxh4 35. Nf2 Nf5 36. Ne4 h4 37. Re1 Ng3+ 38. Kg1 Nxe4 39. fxe4 Qc5+ 40. Kh1 Qf2 41. Rg1 h3 42. Qxh3 Rc6 43. Rd1 Rh6 44. Rd8+ Kh7 45. Rh8+ 1-0

[Event "Lichtenrader Herbst 2019"]
[Site "Berlin"]
[Date "2019.10.14"]
[Round "3.1"]
[White "Hommel, Niclas"]
[Black "Kovalev, Andrei"]
[Result "1/2-1/2"]
[ECO "B42"]
[WhiteElo "2065"]
[BlackElo "2511"]
[Annotator "ChessBase"]
[PlyCount "94"]
[EventDate "2019.10.12"]
[EventType "swiss"]
[EventCountry "GER"]
[SourceTitle "playchess.com"]
[Source "ChessBase"]
[SourceQuality "1"]
[TimeControl "40/5400+30:1800+30"]

1. e4 c5 2. Nf3 e6 3. d4 cxd4 4. Nxd4 a6 5. Bd3 Ne7 6. O-O Nbc6 7. Be3 Nxd4 8. Bxd4 Nc6 9. Bc3 b5 10. a3 Bb7 11. Nd2 e5 12. b4 Be7 13. Bb2 O-O 14. c4 bxc4 15. Nxc4 d6 16. Ne3 Bg5 17. Nd5 Ne7 18. Bc4 Rc8 19. Nxe7+ Qxe7 20. Bd5 Rfd8 21. Bc1 Bxc1 22. Rxc1 Rxc1 23. Qxc1 Rc8 24. Qd2 Bxd5 25. Qxd5 Kf8 26. g3 Qc7 27. Rd1 Ke7 28. Qd2 h6 29. Qd3 Qb6 30. Rd2 Rc1+ 31. Rd1 Rc6 32. Kg2 Qc7 33. Qd5 Rc4 34. Rd3 Qc6 35. Qxc6 Rxc6 36. Kf3 Ke6 37. Ke3 f5 38. f3 g6 39. g4 fxe4 40. fxe4 Rc2 41. Rd2 Rc3+ 42. Rd3 Rc1 43. Rd5 Re1+ 44. Kf3 Rf1+ 45. Ke3 Re1+ 46. Kf3 Rf1+ 47. Ke3 Re1+ 1/2-1/2

[Event "Lichtenrader Herbst 2019"]
[Site "Berlin"]
[Date "2019.10.14"]
[Round "3.2"]
[White "Starostits, Ilmars"]
[Black "Petersen, Marcel"]
[Result "1-0"]
[ECO "C90"]
[WhiteElo "2479"]
[BlackElo "1818"]
[Annotator "ChessBase"]
[PlyCount "141"]
[EventDate "2019.10.12"]
[EventType "swiss"]
[EventCountry "GER"]
[SourceTitle "playchess.com"]
[Source "ChessBase"]
[SourceQuality "1"]
[TimeControl "40/5400+30:1800+30"]

1. e4 e5 2. Nf3 Nc6 3. Bb5 Nf6 4. d3 d6 5. O-O Be7 6. c3 O-O 7. Re1 Bg4 8. h3 Bh5 9. Nbd2 a6 10. Ba4 b5 11. Bb3 Nb8 12. Nf1 c6 13. g4 Bg6 14. Ng3 Nbd7 15. h4 h5 16. g5 Ng4 17. Nh2 Nxh2 18. Kxh2 Nc5 19. Nxh5 Nxb3 20. axb3 f6 21. gxf6 Bxf6 22. Rg1 Bxh5 23. Qxh5 Bxh4 24. Rxg7+ Kxg7 25. Bh6+ Kf6 26. Qxh4+ Ke6 27. Qh3+ Ke7 28. Bg5+ Rf6 29. Bxf6+ Kxf6 30. Rxa6 Qc8 31. Qxc8 Rxc8 32. Kg3 Ke6 33. b4 d5 34. Kf3 Kd6 35. b3 Rh8 36. exd5 Kxd5 37. Ke3 Kd6 38. c4 Kc7 39. Ke4 Rh2 40. Kxe5 Rxf2 41. Kd4 Kb7 42. Ra1 Kb6 43. Rh1 Rf6 44. Rh7 Rd6+ 45. Kc3 Rg6 46. Rd7 Ka6 47. Kd4 Rg5 48. Rd6 Kb7 49. Rh6 Kb6 50. Ke4 Rg4+ 51. Ke5 Rg3 52. Kd4 Rg5 53. Rh3 Rg1 54. Rh5 Rg4+ 55. Kc3 Rg6 56. Rc5 Rg3 57. Kd4 Rg4+ 58. Kc3 Rg3 59. Re5 Rg6 60. Re3 Rg5 61. d4 Rh5 62. Rd3 Kc7 63. d5 Kd7 64. dxc6+ Kxc6 65. Rg3 Rh6 66. Rg5 Rh3+ 67. Kb2 Rh2+ 68. Ka3 bxc4 69. bxc4 Rc2 70. b5+ Kb6 71. Rg6+ 1-0

[Event "Lichtenrader Herbst 2019"]
[Site "Berlin"]
[Date "2019.10.14"]
[Round "3.3"]
[White "Gebigke, Martin"]
[Black "Shishkin, Vadim"]
[Result "0-1"]
[ECO "D85"]
[WhiteElo "2068"]
[BlackElo "2428"]
[Annotator "NA"]
[PlyCount "88"]
[EventDate "2019.10.12"]
[EventType "swiss"]
[EventCountry "GER"]
[SourceTitle "playchess.com"]
[Source "ChessBase"]
[SourceQuality "1"]
[TimeControl "40/5400+30:1800+30"]

1. d4 Nf6 2. c4 g6 3. Nc3 d5 4. cxd5 Nxd5 5. e4 Nxc3 6. bxc3 Bg7 7. Be3 c5 8. Rc1 Qa5 9. Qd2 O-O 10. Nf3 Nd7 11. Bd3 e5 12. d5 Qc7 13. g4 Nf6 14. h3 Ne8 15. Nh4 f6 16. O-O c4 17. Bc2 Nd6 18. f3 Qe7 19. Bf2 Bd7 20. Rce1 b6 21. Kh2 Kh8 22. Bg3 Nf7 23. Ng2 Bh6 24. Qe2 Qa3 25. Qxc4 Rac8 26. Qb3 Rxc3 27. Qxa3 Rxa3 28. Bb3 a5 29. Rf2 a4 30. Bc4 Rc8 31. Bf1 Ng5 32. Nh4 Rcc3 33. Bg2 Bf8 34. Rb2 Bc5 35. Ree2 b5 36. Be1 Rc4 37. Rbc2 Rxc2 38. Rxc2 Bd6 39. Rb2 Rd3 40. Kg1 Rd1 41. Kf2 a3 42. Rc2 Rb1 43. Ke2 b4 44. Bf2 Rb2 0-1

[Event "Lichtenrader Herbst 2019"]
[Site "Berlin"]
[Date "2019.10.14"]
[Round "3.4"]
[White "Jacobi, Robin"]
[Black "Barbier, Astrid"]
[Result "1-0"]
[ECO "A04"]
[WhiteElo "2267"]
[BlackElo "1974"]
[Annotator "NA"]
[PlyCount "175"]
[EventDate "2019.10.12"]
[EventType "swiss"]
[EventCountry "GER"]
[SourceTitle "playchess.com"]
[Source "ChessBase"]
[SourceQuality "1"]
[TimeControl "40/5400+30:1800+30"]

1. Nf3 f5 2. d3 d6 3. e4 e5 4. Nc3 Nf6 5. exf5 Bxf5 6. d4 Nbd7 7. Bc4 c6 8. dxe5 Nxe5 9. Nxe5 dxe5 10. Qe2 Bd6 11. Bg5 Qc7 12. O-O-O O-O-O 13. h3 Rhf8 14. Rhe1 Bg6 15. Kb1 Qa5 16. f3 Bc7 17. Rxd8+ Rxd8 18. Rd1 Qc5 19. Rxd8+ Bxd8 20. Be3 Qe7 21. Qf2 b6 22. a4 Bf7 23. Qe2 Nd5 24. Bd2 Bc7 25. Qe4 Nxc3+ 26. Bxc3 Bxc4 27. Qxc4 Kb7 28. Qe4 Qg5 29. Qe2 h6 30. b3 Qf5 31. Qe3 Bd6 32. a5 Bc7 33. axb6 axb6 34. Kb2 Bb8 35. g4 Qf6 36. Qe4 Bc7 37. Be1 Qd6 38. Bc3 Qc5 39. Qg6 Qe7 40. h4 Bd8 41. Qf5 Bc7 42. h5 Bd6 43. Kb1 Kc7 44. Bb2 Kb8 45. Bc3 Kc7 46. Kc1 Kd8 47. Kd1 Qh4 48. Be1 Qh1 49. Qd3 Kc7 50. Qe4 Kb7 51. Ke2 b5 52. Qe3 Bc7 53. Bf2 Qb1 54. Qd3 Qb2 55. Be1 Qb1 56. Qg6 Qb2 57. Qd3 Qb1 58. Qc3 Qa2 59. Bd2 Qb1 60. Be1 Qa2 61. Bg3 Qb1 62. Bf2 Qa2 63. Qc5 Qb1 64. Be3 Qa2 65. Kd3 Qa1 66. Ke4 Qd1 67. Bf2 Qe2+ 68. Be3 Qd1 69. b4 Qe2 70. Qc3 Qf1 71. Qd3 Qe1 72. Qd2 Qf1 73. Qd3 Qe1 74. c3 Bb6 75. Qd7+ Ka6 76. Qd2 Qb1+ 77. Kxe5 Bc7+ 78. Ke6 Qb3+ 79. Kd7 Kb7 80. Ke7 Qg8 81. Qd4 Kc8 82. Qd7+ Kb7 83. Bf4 Qb8 84. Qxc7+ Qxc7+ 85. Bxc7 Kxc7 86. Ke6 c5 87. f4 Kc6 88. g5 1-0

[Event "Lichtenrader Herbst 2019"]
[Site "Berlin"]
[Date "2019.10.14"]
[Round "3.5"]
[White "Noeldner, Julian"]
[Black "Noetzel, Felix"]
[Result "0-1"]
[ECO "C54"]
[WhiteElo "2051"]
[BlackElo "2233"]
[Annotator "NA"]
[PlyCount "118"]
[EventDate "2019.10.12"]
[EventType "swiss"]
[EventCountry "GER"]
[SourceTitle "playchess.com"]
[Source "ChessBase"]
[SourceQuality "1"]
[TimeControl "40/5400+30:1800+30"]

1. e4 e5 2. Nf3 Nc6 3. Bc4 Nf6 4. d3 Bc5 5. c3 d6 6. O-O a6 7. Re1 Ba7 8. a4 O-O 9. h3 Ne7 10. Nbd2 Ng6 11. Nf1 Nh5 12. Nxe5 Qh4 13. Nf3 Qxf2+ 14. Kh1 Nh4 15. Qe2 Bxh3 16. Qxf2 Bxf2 17. Nxh4 Bxh4 18. g3 Be7 19. Kh2 Be6 20. Ne3 Nf6 21. Nf5 Bxf5 22. exf5 Rfe8 23. Kh3 d5 24. Bb3 h6 25. g4 Bd6 26. Bd2 c6 27. Rxe8+ Rxe8 28. Re1 Rxe1 29. Bxe1 Bf4 30. Bc2 Bc1 31. b3 h5 32. gxh5 Nxh5 33. Bg3 g6 34. fxg6 fxg6 35. Be5 Bf4 36. d4 Bxe5 37. dxe5 Kf7 38. Kg4 Ng7 39. b4 Ne6 40. Bd3 c5 41. bxc5 Nxc5 42. Bc2 Ke6 43. Kf4 g5+ 44. Kxg5 Kxe5 45. Kg6 Ne4 46. Kf7 Nxc3 47. Ke7 Kd4 48. Kd6 Kc4 49. Kc7 b5 50. a5 Ne4 51. Kb6 Nc5 52. Bd1 d4 53. Bh5 d3 54. Bf7+ Kd4 55. Bh5 b4 56. Bd1 b3 57. Bxb3 Nxb3 58. Kxa6 Nxa5 59. Kxa5 d2 0-1

[Event "Lichtenrader Herbst 2019"]
[Site "Berlin"]
[Date "2019.10.14"]
[Round "3.6"]
[White "Polatel, Ali"]
[Black "Guenther, Thomas"]
[Result "1-0"]
[ECO "E14"]
[WhiteElo "2235"]
[BlackElo "1966"]
[Annotator "NA"]
[PlyCount "70"]
[EventDate "2019.10.12"]
[EventType "swiss"]
[EventCountry "GER"]
[SourceTitle "playchess.com"]
[Source "ChessBase"]
[SourceQuality "1"]
[TimeControl "40/5400+30:1800+30"]

1. d4 Nf6 2. Nf3 e6 3. e3 b6 4. Bd3 Bb7 5. O-O Be7 6. c4 O-O 7. Nc3 d5 8. b3 Nbd7 9. Bb2 c5 10. cxd5 exd5 11. Rc1 Re8 12. Qe2 a6 13. Rfd1 b5 14. dxc5 Nxc5 15. Bf5 Qa5 16. Rc2 Rad8 17. Nb1 Nce4 18. Rdc1 Nd6 19. Bd3 Rc8 20. Nc3 Nfe4 21. Nd4 Bf6 22. Qg4 Nxc3 23. Bxc3 b4 24. Ba1 Rxc2 25. Rxc2 Qd8 26. g3 Ne4 27. Qd1 Qd7 28. Qf1 Rc8 29. Bxa6 Rxc2 30. Nxc2 Bc3 31. Bd3 Nd2 32. Qe2 d4 33. e4 Qh3 34. Bxc3 dxc3 35. Nxb4 f5 1-0